 Dungeon Crawl Stone Soup version 0.27-a0-1228-gfd60fd639a (webtiles) character file.

Game seed: 14424597973668140657

837 iamoutofideas the Magician (level 7, -8/37 HPs)
             Began as a Deep Elf Fire Elementalist on June 7, 2021.
             Was a Follower of Vehumet.
             Mangled by a two-headed ogre
             ... wielding a +0 giant club
              (17 damage)
             ... on level 5 of the Dungeon.
             The game lasted 00:08:36 (6665 turns).

iamoutofideas the Magician (DEFE)                   Turns: 6665, Time: 00:08:37

Health: -8/37      AC:  6    Str:  5    XL:     7   Next: 66%
Magic:  3/19       EV: 14    Int: 28    God:    Vehumet [*.....]
Gold:   253        SH:  0    Dex: 15    Spells: 6/19 levels left

rFire    . . .     SeeInvis .   (no weapon)
rCold    . . .     Faith    .   (no shield)
rNeg     . . .     Spirit   .   a - +0 robe
rPois    .         Reflect  .   (no helmet)
rElec    .         Harm     .   k - scarf {repulsion}
rCorr    .         Rampage  .   (no gloves)
Will     .....                  (no boots)
Stlth    ++........             (no amulet)
HPRegen  0.12/turn              c - +6 ring of intelligence
MPRegen  0.16/turn              j - +4 ring of protection

@: repel missiles
A: no striking features
a: Renounce Religion


You were on level 5 of the Dungeon.
You worshipped Vehumet.
Vehumet was aware of your devotion.
You visited 1 branch of the dungeon, and saw 6 of its levels.

You collected 253 gold pieces.

Inventory:

Armour
 a - a +0 robe (worn)
 k - a scarf of repulsion (worn)
Magical Staves
 f - a staff of earth
Jewellery
 c - a +6 ring of intelligence (left hand)
 j - a +4 ring of protection (right hand)
Scrolls
 d - 5 scrolls of identify {unknown}
 e - a scroll of noise {unknown}
 g - 2 scrolls of magic mapping {unknown}
 h - a scroll of teleportation {unknown}
 i - a scroll of vulnerability {unknown}
Potions
 b - a potion of degeneration {unknown}
 l - a potion of lignification {unknown}
 m - 2 potions of curing
 n - a potion of invisibility {unknown}


   Skills:
 + Level 0.7 Fighting
 + Level 4.4 Dodging
 - Level 2.7 Stealth
 + Level 6.6 Spellcasting
 + Level 4.7 Conjurations
 + Level 6.1 Fire Magic


You had 6 spell levels left.
You knew the following spells:

 Your Spells              Type           Power      Damage    Failure   Level
a - Foxfire               Conj/Fire      100%       2x1d9     1%          1
b - Conjure Flame         Conj/Fire      39%        6-21      1%          3
c - Sticky Flame          Conj/Fire      39%        2d6       6%          4
d - Fireball              Conj/Fire      19%        3d9       17%         5

Your spell library contained the following spells:

 Spells                   Type           Power      Damage    Failure   Level
 Magic Dart               Conj           100%       1d8       1%          1
 Inner Flame              Hex/Fire       26%        N/A       4%          3


Dungeon Overview and Level Annotations

Branches:
Dungeon (6/15)
 Temple: D:4-7

Altars:
Hepliaklqana
Sif Muna
Vehumet
Zin

Shops:
D:3 =   D:4 *

Annotations:
D:3 1 runed translucent door, robertstho's ghost, amateur DjFE
D:4 3 runed translucent doors, dickylongcocking's ghost, amateur DjFE


Message History

An orc priest comes into view. It is wielding a +0 hand axe.
The orc priest shouts!
The two-headed ogre is engulfed in blazing flames.
Casting: Fireball (extremely dangerous; 17% risk of failure)
Confirm with . or Enter, or press ? or * to list all spells.
You conjure some foxfire!
The foxfire hits the two-headed ogre but does no damage.
The two-headed ogre is severely wounded.
An orc priest comes into view. It is wielding a +0 club.
The foxfire hits the two-headed ogre!
The two-headed ogre is severely wounded.
The orc priest looks braver for a moment.
An ufetubus comes into view.
The orc priest miscasts a cantrip.
Found a dagger.
The ufetubus shouts!
The orc priest looks encouraged for a moment.
There is a stone staircase leading up here.
Casting: Foxfire (safe; 1% risk of failure)
Confirm with . or Enter, or press ? or * to list all spells.
You conjure some foxfire!
The foxfire hits the two-headed ogre.
The two-headed ogre is severely wounded.
The foxfire hits the two-headed ogre.
The two-headed ogre is almost dead.
You climb upwards.
There is a stone staircase leading down here.
Unknown command.
The two-headed ogre hits you with a +0 giant club!
The two-headed ogre misses you.
There is an open door here.
Your magical contamination has completely faded away.
Casting: Foxfire (safe; 1% risk of failure)
Confirm with . or Enter, or press ? or * to list all spells.
Okay, then.
It was a potion of curing.
You feel better.
The two-headed ogre hits you with a +0 giant club!!
Ouch! That really hurt!
* * * LOW HITPOINT WARNING * * *
The two-headed ogre hits you with a +0 giant club!
You die...

#...# #.
###################...### ####.
......................'># #.##.
.......############...#.# #.##.
.......############...#.### #.##.
.)......##............#.#.# #.##.
........##...<........#.#.# #.##.
........##.......O....#.#.###.##.
........##......@...###.#........
....#+#.............###.#.###....
....#.#.................#......##
....#.#......###'###....######.##
....#.#......# #...+.........<...
.............###.###....######.##
....#.#......'..........# #.##
....#.#......###....###.######.##
....#.#.#+#### #...............##


You could see a two-headed ogre.

Vanquished Creatures
  Grinder (D:3)
  An ice beast (D:5)
  2 black bears
  A hound (D:5)
  A centaur zombie (D:5)
  2 jellies (D:5)
  3 iguanas (D:5)
  A hound skeleton (D:5)
  7 adders
  An adder skeleton (D:4)
  3 worms
  5 dart slugs
  7 orcs
  4 endoplasms
  A giant cockroach (D:2)
  3 goblins
  9 hobgoblins
  3 jackals (D:2)
  3 quokkas
  6 ball pythons
  5 bats
  3 frilled lizards
  3 kobolds
  21 rats
96 creatures vanquished.

Vanquished Creatures (others)
  297 foxfires
  2 withered plants (D:3)
299 creatures vanquished.

Grand Total: 395 creatures vanquished

Notes
Turn   | Place    | Note
-------+----------+-------------------------------------------
     0 | D:1      | iamoutofideas the Deep Elf Fire Elementalist began the
                  | quest for the Orb.
     0 | D:1      | Reached XP level 1. HP: 10/10 MP: 6/6
   327 | D:1      | Reached XP level 2. HP: 15/15 MP: 5/8
  1027 | D:2      | Reached XP level 3. HP: 7/19 MP: 7/10
  1300 | D:2      | Learned a level 3 spell: Conjure Flame
  1454 | D:2      | Found a faded altar of an unknown god.
  2155 | D:3      | Reached XP level 4. HP: 24/24 MP: 9/11
  2467 | D:3      | Found a radiant altar of Vehumet.
  2607 | D:3      | Became a worshipper of Vehumet
  2706 | D:3      | Found Gymeoter's Jewellery Boutique.
  2737 | D:3      | Learned a level 4 spell: Sticky Flame
  2807 | D:3      | Found a runed translucent door.
  2807 | D:3      | Noticed robertstho's ghost (amateur DjFE)
  3602 | D:3      | Noticed Grinder
  3611 | D:3      | Killed Grinder
  3612 | D:3      | Reached skill level 5 in Spellcasting
  3612 | D:3      | Reached skill level 5 in Fire Magic
  3612 | D:3      | Reached XP level 5. HP: 13/28 MP: 3/14
  3612 | D:3      | Reached XP level 6. HP: 16/33 MP: 3/15
  4344 | D:4      | Found a shimmering blue altar of Sif Muna.
  4345 | D:4      | Found a hazy altar of Hepliaklqana.
  4348 | D:4      | Found a glowing silver altar of Zin.
  4553 | D:4      | Found a runed translucent gate.
  4553 | D:4      | Found a runed translucent gate.
  4553 | D:4      | Found a runed translucent gate.
  4618 | D:4      | Found Oshraop's Mayhem Merchandise.
  4751 | D:4      | Noticed an ice beast
  5026 | D:4      | Learned a level 5 spell: Fireball
  5205 | D:4      | Noticed dickylongcocking's ghost (amateur DjFE)
  5258 | D:5      | Entered Level 5 of the Dungeon
  5495 | D:5      | Reached XP level 7. HP: 37/37 MP: 14/17
  5563 | D:5      | Reached * piety under Vehumet
  5563 | D:5      | Offered knowledge of Magic Dart by Vehumet.
  6635 | D:6      | Noticed a two-headed ogre
  6665 | D:5      | Mangled by a two-headed ogre

Illustrated notes

Levels and vault maps discovered:
D:1:      minmay_arrival_plants_in_alcoves, layout_rooms
D:2:      layout_loops_ring, basic_ecumenical_altar, minmay_misc_feat_doors,
          minmay_misc_feat_ornament, palyth_stone_intersect, minmay_tall_x
D:3:      layout_loops_corners, general_overflow_altar, gammafunk_ghost_grave,
          serial_shops, nicolae_shop_statue_plus, minmay_rat_hole, uniq_grinder
D:4:      layout_loops_cross, gammafunk_temple_overflow_forgotten,
          gammafunk_ghost_icy, minmay_shop_mayhem, minivault_25
D:5:      layout_basic
D:6:      layout_loops_ring, lemuel_coloured_pillars_altar,
          minmay_temple_entry_nine_rooms, serial_shops, shop, uniq_blork_the_orc

Skill      XL: |  1  2  3  4  5  6  7 |
---------------+----------------------+-----
Fire Magic     | 4 5 6 |  6.1
Dodging        | 3 4 |  4.4
Spellcasting   | 5 6 |  6.6
Conjurations   | 2 3 4 |  4.7
Fighting       | |  0.7
Stealth        | |  2.7

Action                   |  1- 3 |  4- 6 |  7- 9 || total
-------------------------+-------+-------+-------++-------
Melee: Unarmed           |     2 |       |       ||     2
 Cast: Foxfire           |    67 |    82 |    34 ||   183
       Sticky Flame      |       |     8 |     1 ||     9
       Conjure Flame     |       |     1 |     1 ||     2
       Fireball          |       |     2 |     2 ||     4
  Use: Potion            |       |     3 |     1 ||     4
Armor: Robe              |     6 |     8 |     7 ||    21
Dodge: Dodged            |    34 |    33 |     7 ||    74

Table legend: (Time is in decaauts)
 A = Elapsed time spent in this place.
 B = Non-inter-level travel time spent in this place.
 C = Inter-level travel time spent in this place.
 D = Time resting spent in this place.
 E = Time spent auto-exploring this place.
 F = Levels seen in this place.
 G = Mean time per level.
                   A        B        C        D        E       F      G
               +--------+--------+--------+--------+--------+-----+--------+
         Total |   6672 |   6511 |    161 |    699 |   4931 |   6 | 1112.0 |
       Dungeon |   6672 |   6511 |    161 |    699 |   4931 |   6 | 1112.0 |
               +--------+--------+--------+--------+--------+-----+--------+

Top non-repeatable levels by time:
     D:3: 2145 daAuts
     D:2: 1511 daAuts
     D:5: 1299 daAuts
     D:4: 1025 daAuts
     D:1: 639 daAuts
     D:6: 50 daAuts
